 Dungeon Crawl Stone Soup version 0.28.0 (webtiles) character file.

Game seed: 17815455102926892768

109 bande the Covered (level 4, -5/29 HPs)
             Began as a Gargoyle Fighter on Feb 6, 2022.
             Slain by Kalaber's ghost (11 damage)
             ... on level 3 of the Dungeon.
             The game lasted 00:03:32 (2836 turns).

bande the Covered (Gargoyle Fighter)                Turns: 2836, Time: 00:03:33

Health: -5/29      AC: 14    Str: 20    XL:     4   Next: 90%
Magic:  4/4        EV:  9    Int:  8    God:
Gold:   178        SH:  0    Dex: 11    Spells: 3/3 levels left

rFire   . . .      SeeInvis .   a - +0 war axe
rCold   . . .      Faith    .   c - +0 buckler
rNeg    + + .      Spirit   .   b - +0 scale mail
rPois   ∞          Reflect  .   (no helmet)
rElec   +          Harm     .   (no cloak)
rCorr   .          Rampage  .   (no gloves)
Will    .....                   (no boots)
Stlth   ..........              (no amulet)
HPRegen 0.09/turn               f - +4 ring of protection
MPRegen 0.09/turn               e - ring of positive energy

@: confused, ambrosia-drunk
A: sickness immunity, AC +3, negative energy resistance 1, electricity
resistance, torment resistance 1, petrification resistance
a: no special abilities


You were on level 3 of the Dungeon.
You visited 1 branch of the dungeon, and saw 3 of its levels.

You collected 178 gold pieces.

Inventory:

Hand Weapons
 a - a +0 war axe (weapon)
Armour
 b - a +0 scale mail (worn)
 c - a +0 buckler (worn)
Jewellery
 e - a ring of positive energy (right hand)
 f - a +4 ring of protection (left hand)
 i - an amulet of guardian spirit
Scrolls
 g - 4 scrolls of identify
Potions
 d - a potion of might
 j - a potion of haste
 k - a potion of degeneration {unknown}
 l - 2 potions of brilliance {unknown}
 m - a potion of mutation {unknown}


   Skills:
 + Level 4.0 Fighting
 + Level 2.9 Axes
 + Level 4.2 Armour
 + Level 3.8 Shields


You had 3 spell levels left.
You didn't know any spells.
Your spell library contained the following spells:

 Spells                   Type           Power      Damage    Failure   Level
 Iskenderun's Battlesphe  Conj           0%         2d6       100%        5
 Iron Shot                Conj/Erth      0%         9d1       100%        6
 Spellforged Servitor     Conj/Summ      0%         N/A       100%        7


Dungeon Overview and Level Annotations

Branches:
Dungeon (3/15)

Altars:
Ashenzari
Okawaru

Annotations:
D:3 Kalaber's ghost, amateur MiFi


Innate Abilities, Weirdness & Mutations

You are immune to sickness and miasma.
Your stone body is resilient. (AC +3)
You are immune to poison.
You resist negative energy. (rN+)
You are resistant to electric shocks. (rElec)
You are resistant to unholy torment.
You are immune to petrification.


Message History

Kalaber's ghost turns its malevolent gaze towards you.
Could not explore, unopened runed door.
Could not explore, unopened runed door.
Okay, then.
You open the door. You closely miss Kalaber's ghost.
Kalaber's ghost closely misses you. x2
You closely miss Kalaber's ghost. You block Kalaber's ghost's attack.
You closely miss Kalaber's ghost. Kalaber's ghost hits you. x2
You closely miss Kalaber's ghost. Kalaber's ghost hits you.
You closely miss Kalaber's ghost. Kalaber's ghost closely misses you.
You hit Kalaber's ghost but do no damage.
Kalaber's ghost hits you but does no damage.
Kalaber's ghost hits you.
You completely miss Kalaber's ghost.
Kalaber's ghost hits you but does no damage.
You closely miss Kalaber's ghost.
Kalaber's ghost hits you but does no damage.
You hit Kalaber's ghost.
Kalaber's ghost is lightly damaged.
You block Kalaber's ghost's attack. Kalaber's ghost hits you.
You barely miss Kalaber's ghost.
Kalaber's ghost is lightly damaged.
Kalaber's ghost hits you.
You hit Kalaber's ghost.
Kalaber's ghost is lightly damaged.
You block Kalaber's ghost's attack.
You hit Kalaber's ghost.
Kalaber's ghost is moderately damaged.
Kalaber's ghost hits you.
Kalaber's ghost hits you but does no damage.
You completely miss Kalaber's ghost.
Kalaber's ghost is moderately damaged.
Kalaber's ghost hits you but does no damage.
You hit Kalaber's ghost but do no damage.
Kalaber's ghost is moderately damaged.
Kalaber's ghost hits you.
* * * LOW HITPOINT WARNING * * *
You are confused.
You feel invigorated. Kalaber's ghost hits you!
You die...

#.....#
#.####....######
#######
#.####......#
#......#.##.####
########.##.##.. ###
##.##..... #♣8♣#
##..#....#. #.!.#
#..##.###.. ##W##
##.###.##... #.@.#
##..#†.......
##...###..#.........
#...###......>.#..8.
#..........##......#
#.................##
#...###.#####.##.##⌠
#...###..........#..
######...).......#..
#............#..


You could see Kalaber's ghost.

Vanquished Creatures
  Terence (D:2)
  2 adders (D:2)
  A worm (D:2)
  4 dart slugs
  3 ball pythons
  8 endoplasms
  3 giant cockroaches
  6 goblins
  2 hobgoblins
  4 jackals (D:3)
  5 kobolds
  A quokka (D:1)
  3 bats
  5 frilled lizards
  6 rats
54 creatures vanquished.

Notes
Turn   | Place    | Note
-------+----------+-------------------------------------------
     0 | D:1      | bande the Gargoyle Fighter began the quest for the Orb.
     0 | D:1      | Reached XP level 1. HP: 14/14 MP: 1/1
   126 | D:1      | Found a faded altar of an unknown god.
   254 | D:1      | Reached XP level 2. HP: 19/19 MP: 2/2
   797 | D:1      | Reached XP level 3. HP: 24/24 MP: 3/3
   950 | D:2      | Noticed Terence
   964 | D:2      | Killed Terence
   977 | D:2      | Reached XP level 4. HP: 11/29 MP: 4/4
  2417 | D:3      | Found a runed translucent door.
  2417 | D:3      | Noticed Kalaber's ghost (amateur MiFi)
  2477 | D:3      | Found a faded altar of an unknown god.
  2482 | D:3      | Found an iron altar of Okawaru.
  2617 | D:3      | Found a broken altar of Ashenzari.
  2836 | D:3      | Slain by Kalaber's ghost

Illustrated notes

Levels and vault maps discovered:
D:1:      dpeg_arrival_shelter, layout_loops_corners,
          hellmonk_ecumenical_altar_heavens_door
D:2:      layout_loops_corners, uniq_terence
D:3:      layout_rooms, nicolae_ashenzari_panopticon,
          nicolae_overflow_ecumenical_swirl, gammafunk_ghost_grave

Skill      XL: |  1  2  3  4 |
---------------+-------------+-----
Axes           | 2 |  2.9
Armour         | 4 |  4.2
Fighting       | 4 |  4.0
Shields        | |  3.8

Action                   |  1- 3 |  4- 6 || total
-------------------------+-------+-------++-------
Melee: War axe           |    65 |   109 ||   174
  Use: Scroll            |     3 |     1 ||     4
       Potion            |       |     1 ||     1
Armor: Scale mail        |    33 |    60 ||    93
Dodge: Dodged            |    35 |    48 ||    83
Block: Buckler           |    13 |    26 ||    39
